 Dungeon Crawl Stone Soup version 0.18.1-6-gd335043 (webtiles) character file.

560 M4edhros the Conjurer (level 7, 0/46 HPs)
             Began as a Mummy Conjurer on May 16, 2016.
             Slain by a centaur (2 damage)
             ... on level 4 of the Dungeon.
             The game lasted 00:06:59 (5362 turns).

M4edhros the Conjurer (Mummy Conjurer)              Turns: 5362, Time: 00:07:00

Health: 0/46       AC:  6    Str: 11    XL:     7   Next: 9%
Magic:  1/10       EV: 12    Int: 16    God:
Gold:   271        SH:  0    Dex: 13    Spells: 2 memorised, 7 levels left

rFire  x . .     SeeInvis .     d - +2 dagger (speed)
rCold  + . .     Gourm    .     j - +1 animal skin
rNeg   + + +     Faith    .     (no shield)
rPois  ∞         Spirit   .     k - +2 helmet
rElec  .         Dismiss  .     (no cloak)
rCorr  .         Reflect  .     (no gloves)
SustAt .         Harm     .     (no boots)
MR     .....                    (no amulet)
Stlth  ++........               (no ring)
                                (no ring)

@: not resistant to hostile enchantments, unstealthy
A: no food or potions, fire vulnerability, cold resistance 1, negative energy
resistance 3, torment resistance, unbreathing
a: no special abilities


You were on level 4 of the Dungeon.
You were not hungry.

You visited 1 branch of the dungeon, and saw 5 of its levels.

You collected 271 gold pieces.

Inventory:

Hand Weapons
 d - a +2 dagger of speed (weapon)
Armour
 a - a +0 robe
 j - a +1 animal skin (worn)
 k - a +2 helmet (worn)
Magical Staves
 o - an uncursed staff of death
Scrolls
 c - 4 scrolls of remove curse {unknown}
 e - 2 scrolls of blinking {unknown}
 f - 3 scrolls of random uselessness {unknown}
 g - a scroll of recharging {unknown}
 h - a scroll of enchant weapon {unknown}
 i - a scroll of fear {unknown}
 l - a scroll of fog {unknown}
 m - 2 scrolls of identify {unknown}
 n - a scroll of teleportation {unknown}
Books
 b - a book of Conjurations

   Spells                             Type                      Level
   a - Magic Dart                     Conjuration                  1
   b - Searing Ray                    Conjuration                  2
   c - Dazzling Spray                 Conjuration/Hexes            3
   d - Fulminant Prism                Conjuration/Hexes            4
   e - Iskenderun's Mystic Blast      Conjuration                  4
   f - Iskenderun's Battlesphere      Conjuration/Charms           5


   Skills:
 - Level 1.5 Dodging
 - Level 1.5 Stealth
 - Level 2.0 Spellcasting
 + Level 7.2 Conjurations


You had 7 spell levels left.
You knew the following spells:

 Your Spells              Type           Power        Failure   Level  Hunger
a - Magic Dart            Conj           ###.         1%          1    N/A
b - Searing Ray           Conj           ###...       1%          2    N/A

Dungeon Overview and Level Annotations

Branches:
Dungeon (5/15)
 Temple: D:4-7

Altars:
Ashenzari

Annotations:
D:3 Sigmund


Innate Abilities, Weirdness & Mutations

You do not eat or drink.
Your flesh is vulnerable to fire.
You are immune to poison.
Your flesh is cold resistant.
You are immune to negative energy.
You are immune to unholy pain and torment.
You can survive without breathing.


Message History

You can't drink.
Sorry, you're not good enough to have a special ability.
The jackal bites you but does no damage.
The jackal bites you.
* * * LOW HITPOINT WARNING * * *
Casting: Searing Ray
Confirm with . or Enter, or press ? or * to list all spells.
Aiming: Magic Dart
Press: ? - help, Shift-Dir - straight line
Okay, then.
Casting: Magic Dart
Confirm with . or Enter, or press ? or * to list all spells.
Aiming: Searing Ray
Press: ? - help, Shift-Dir - straight line The jackal barely misses you.
Something hits you but does no damage.
Without enough magic to sustain it, your searing ray dissipates.
Something hits you.
* * * LOW HITPOINT WARNING * * *
Something hits you.
You die...

#.............##......
#.........≈≈≈.##......
#.........≈?≈..#......
#.........≈≈≈.........
#.............##......
#...........####......
#...........######'###
#...........##........
#....@hh....##.###.###
#######>..............
######.##########.###
#...##...............
#########...#################
#...........'................
#.#######...##########.......
#.##...................<.....
#.##.........................


You could see 2 jackals.

Vanquished Creatures
  A centaur (D:5)
  An ogre (D:5)
  A scorpion (D:4)
  A hound (D:4)
  2 giant frog skeletons
  An orc priest (D:4)
  An iguana (D:5)
  A worker ant (D:5)
  Robin (D:2)
  3 adders
  6 gnolls
  A dart slug (D:1)
  A giant gecko (D:5)
  5 orcs
  3 ball pythons (D:1)
  7 bats
  4 giant cockroaches
  16 goblins
  11 hobgoblins
  2 jackals (D:1)
  5 quokkas
  A giant newt (D:1)
  4 kobolds
  5 rats
84 creatures vanquished.

Notes
Turn   | Place    | Note
--------------------------------------------------------------
     0 | D:1      | M4edhros the Mummy Conjurer began the quest for the Orb.
     0 | D:1      | Reached XP level 1. HP: 13/13 MP: 3/3
   232 | D:1      | Reached XP level 2. HP: 15/19 MP: 0/5
   789 | D:1      | Reached skill level 4 in Conjurations
   975 | D:1      | Reached XP level 3. HP: 22/24 MP: 1/6
  1458 | D:2      | Noticed Robin
  1478 | D:1      | Learned a level 2 spell: Searing Ray
  1567 | D:2      | Found a faded altar to an unknown god.
  1700 | D:3      | Noticed Sigmund
  1738 | D:2      | Killed Robin
  1738 | D:2      | Reached XP level 4. HP: 30/30 MP: 0/7
  2507 | D:3      | Found a shattered altar of Ashenzari.
  2801 | D:4      | Reached skill level 5 in Conjurations
  3141 | D:4      | Reached XP level 5. HP: 22/35 MP: 1/8
  3917 | D:4      | Reached skill level 6 in Conjurations
  3917 | D:4      | Reached XP level 6. HP: 41/41 MP: 3/9
  4227 | D:5      | Entered Level 5 of the Dungeon
  5220 | D:5      | Reached skill level 7 in Conjurations
  5220 | D:5      | Reached XP level 7. HP: 28/46 MP: 2/10
  5362 | D:4      | HP: 2/46 [something (4)]
  5362 | D:4      | Slain by a centaur

Skill      XL: |  1  2  3  4  5  6 |
---------------+-------------------+-----
Conjurations   | 4 5 6 7 |  7.2
Dodging        | |  1.5
Stealth        | |  1.5
Spellcasting   | |  2.0

Action                   |  1- 3 |  4- 6 |  7- 9 || total
-------------------------+-------+-------+-------++-------
Melee: Unarmed           |    23 |       |       ||    23
       Dagger            |    41 |    42 |    22 ||   105
 Cast: Magic Dart        |    79 |    72 |     2 ||   153
       Searing Ray       |       |    14 |     3 ||    17
Armor: Robe              |     9 |     4 |       ||    13
       Animal skin       |       |     8 |     7 ||    15
Dodge: Dodged            |    34 |    72 |    11 ||   117
